 Dungeon Crawl Stone Soup version 0.19-a0-975-gfff5315 (webtiles) character file.

27 4thArraOfDagon the Sneak (level 3, 0/21 HPs)
             Began as a Halfling Enchanter on July 13, 2016.
             Slain by a hound (5 damage)
             ... on level 5 of the Dungeon.
             The game lasted 00:02:48 (543 turns).

4thArraOfDagon the Sneak (Halfling Enchanter)        Turns: 543, Time: 00:02:49

Health: 0/21       AC:  6    Str:  8    XL:     3   Next: 25%
Magic:  5/5        EV: 10    Int: 14    God:
Gold:   50         SH:  0    Dex: 15    Spells: 1 memorised, 4 levels left

rFire  + . .     SeeInvis .     j - +2 long sword (elec)
rCold  + . .     Gourm    .     k - +0 scale mail
rNeg   . . .     Faith    .     (shield restricted)
rPois  +         Spirit   .     (no helmet)
rElec  +         Dismiss  .     (no cloak)
rCorr  +         Reflect  .     (no gloves)
SustAt .         Harm     .     (no boots)
MR     .....                    (no amulet)
Stlth  +.........               (no ring)
                                (no ring)

@: resistant, not resistant to hostile enchantments, very unstealthy
A: mutation resistance 1
a: no special abilities


You were on level 5 of the Dungeon.
You were not hungry.

You visited 1 branch of the dungeon, and saw 5 of its levels.

You collected 50 gold pieces.

Inventory:

Hand Weapons
 a - a +1 dagger
 e - a +3 dagger
 j - a +2 long sword of electrocution (weapon)
Armour
 b - a +1 robe
 k - a +0 scale mail (worn)
Scrolls
 h - a scroll of remove curse {unknown}
Books
 c - a book of Maledictions

   Spells                             Type                      Level
   a - Corona                         Hexes                        1
   b - Ensorcelled Hibernation        Hexes/Ice                    2
   c - Confuse                        Hexes                        3
   d - Tukima's Dance                 Hexes                        3
   e - Dazzling Spray                 Conjuration/Hexes            3
Comestibles
 d - 2 bread rations
 g - 4 meat rations


   Skills:
 - Level 1.8(2.0) Short Blades
 * Level 0.6(1.1) Long Blades
 + Level 0.7 Armour
 + Level 2.6 Dodging
 - Level 3.4 Stealth
 - Level 1.8 Spellcasting
 - Level 2.8 Hexes


You had 4 spell levels left.
You knew the following spells:

 Your Spells              Type           Power        Failure   Level  Hunger
a - Corona                Hex            #......      82%         1    ##.....


Dungeon Overview and Level Annotations

Branches:
Dungeon (4/15)
 Temple: D:4-7

Altars:


Innate Abilities, Weirdness & Mutations

You are small and have problems with some larger weapons.
You are somewhat resistant to further mutation.


Message History

It was a potion of resistance.
You feel protected. The hound barely misses you. The centaur hits you!
Unknown command.
You hit the centaur.
The centaur is lightly wounded.
The hound closely misses you. The centaur completely misses you.
The hound bites you but does no damage. The centaur hits you.
Unknown command.
You hit the centaur.
The centaur is lightly wounded.
The hound barely misses you. The centaur hits you.
The hound bites you but does no damage. The centaur hits you.
* * * LOW HITPOINT WARNING * * *
Unknown command.
Unknown command.
You hit the centaur.
There is a sudden explosion of sparks!
The centaur is almost dead.
The hound bites you.
You die...

## # ###. .. ...
##.###.#########.
........c........
........h@...$.#
........######.#
........#
...###.c# .. ....
.#..# .....# .#
#.%# .. ...#


You could see a centaur and a hound.

Vanquished Creatures
  A giant gecko (D:3)
  2 orcs (D:4)
  A giant cockroach (D:3)
  3 goblins
  2 hobgoblins
  3 jackals (D:1)
  3 kobolds
  A quokka (D:2)
  2 bats
  A giant newt (D:2)
  2 rats
21 creatures vanquished.

Notes
Turn   | Place    | Note
-------+----------+-------------------------------------------
     0 | D:1      | 4thArraOfDagon the Halfling Enchanter began the quest for the Orb.
     0 | D:1      | Reached XP level 1. HP: 11/11 MP: 3/3
    74 | D:1      | Reached XP level 2. HP: 12/17 MP: 4/4
   228 | D:4      | Noticed a sky beast
   327 | D:2      | Found a faded altar of an unknown god.
   410 | D:2      | Reached XP level 3. HP: 21/21 MP: 5/5
   535 | D:3      | You fall through a shaft for 2 floors!
   535 | D:5      | Entered Level 5 of the Dungeon
   537 | D:5      | Noticed a centaur
   543 | D:5      | Slain by a hound

Vault maps used:
D:1:      ncdulo_wetmaze, hangedman_abyss_or_decor_stabs
D:2:      tso_metal_star, nicolae_overflow_hidden_temple, first_bread,
          ecumenical_altar_1, uniq_natasha
D:3:      hangedman_decor_points, item_on_display_a
D:4:      serial_shops, kennysheep_mini_moat, dk_noncrumbling_4

Action                   || total
-------------------------++-------
Melee: Dagger            ||    25
       Long sword        ||    35
  Use: Potion            ||     2
 Stab: Sleeping          ||     1
Armor: Robe              ||     9
       Scale mail        ||    10
Dodge: Dodged            ||    45
